 Dungeon Crawl Stone Soup version 0.21.1 (webtiles) character file.

252 shakethe the Chopper (level 5, 0/47 HPs)
             Began as a Minotaur Fighter on Feb 5, 2018.
             Slain by an ice beast (11 damage)
             ... on level 5 of the Dungeon.
             The game lasted 00:09:31 (3195 turns).

shakethe the Chopper (Minotaur Fighter)             Turns: 3195, Time: 00:09:34

Health: 0/47       AC:  9    Str: 26    XL:     5   Next: 89%
Magic:  4/4        EV:  8    Int:  5    God:
Gold:   158        SH: 10    Dex: 10    Spells: 4/4 levels left

rFire    . . .     SeeInvis .   a - +0 war axe
rCold    . . .     Gourm    +   c - +0 shield
rNeg     . . .     Faith    .   b - +0 scale mail
rPois    .         Spirit   .   (helmet restricted)
rElec    .         Reflect  .   (no cloak)
rCorr    .         Harm     .   i - +0 pair of gloves
MR       .....                  l - +0 pair of boots
Stlth    ..........             m - amulet of the gourmand
HPRegen  0.15/turn              (no ring)
MPRegen  0.09/turn              (no ring)

@: mighty, lethally poisoned (0 -> -3)
A: retaliatory headbutt, horns 2
a: no special abilities


You were on level 5 of the Dungeon.
You were completely stuffed.

You visited 1 branch of the dungeon, and saw 5 of its levels.

You collected 158 gold pieces.

Inventory:

Hand Weapons
 a - a +0 war axe (weapon)
Armour
 b - a +0 scale mail (worn)
 c - a +0 shield (worn)
 i - a +0 pair of gloves (worn)
 l - a +0 pair of boots (worn)
Jewellery
 m - an amulet of the gourmand (around neck)
Wands
 u - a wand of disintegration (15)
Scrolls
 e - 3 scrolls of teleportation {unknown}
 g - a scroll of noise {unknown}
 h - a scroll of identify {unknown}
 j - a scroll of amnesia {unknown}
 k - 2 scrolls of remove curse {unknown}
 n - 2 scrolls of enchant weapon {unknown}
 p - 2 scrolls of enchant armour {unknown}
 r - a scroll of magic mapping {unknown}
Potions
 o - 2 potions of curing {unknown}
 q - a potion of berserk rage {unknown}
 s - a potion of haste {unknown}
Comestibles
 f - 7 rations
 t - 8 chunks of flesh


   Skills:
 + Level 4.8 Fighting
 * Level 5.1 Axes
 + Level 4.7 Armour
 + Level 4.8 Shields


You had 4 spell levels left.
You didn't know any spells.

Dungeon Overview and Level Annotations

Branches:
Dungeon (5/15)
 Temple: D:4-7

Altars:
Sif Muna

Shops:
D:4 :

Annotations:
D:4 2 transporters


Innate Abilities, Weirdness & Mutations

You reflexively headbutt those who attack you in melee.
You have a pair of horns on your head.


Message History

Your Axes skill increases to level 5!
You hit the iguana.
Your shield prevents you from hitting the orc.
You feel sick. You block the iguana's attack. The orc barely misses you.
You furiously retaliate!
You headbutt the orc!!
You kill the orc!
You feel sick.
There is a stone staircase leading up here.
You see here a leopard gecko corpse.
You closely miss the ice beast.
Your shield and scale mail prevent you from hitting the iguana.
You block the ice beast's attack. You block the iguana's attack.
The ice beast barely misses you.
You hit the ice beast. Your headbutt misses the ice beast.
The ice beast is lightly wounded.
You hit the iguana.
You feel sick. The iguana bites you! The ice beast hits you.
* * * LOW HITPOINT WARNING * * *
The ice beast freezes you!
You die...

##### .. #...#
... #.#.##...
#...#....
.........
###........
##..†......#
#..Y@......#
#..l†.......
#............##
#...............
..#.###..##..###
.... .... ...#
... [... ...# ..
...... ....


You could see an ice beast and an iguana.

Vanquished Creatures
  An orc wizard (D:4)
  4 worker ants
  4 adders
  An ooze (D:4)
  2 adder skeletons (D:4)
  A worm (D:3)
  5 leopard geckos
  6 orcs
  2 ball pythons
  8 bats
  4 giant cockroaches
  6 goblins
  8 hobgoblins
  2 jackals (D:3)
  7 kobolds
  2 quokkas (D:3)
  4 frilled lizards
  5 rats
72 creatures vanquished.

Notes
Turn   | Place    | Note
-------+----------+-------------------------------------------
     0 | D:1      | shakethe the Minotaur Fighter began the quest for the Orb.
     0 | D:1      | Reached XP level 1. HP: 19/19 MP: 0/0
   201 | D:1      | Reached XP level 2. HP: 25/27 MP: 1/1
   332 | D:1      | Reached skill level 3 in Axes
   740 | D:2      | Reached XP level 3. HP: 10/33 MP: 2/2
  1666 | D:3      | Found a faded altar of an unknown god.
  1743 | D:3      | altar
  1885 | D:3      | Reached XP level 4. HP: 40/40 MP: 3/3
  2011 | D:3      | Reached skill level 4 in Axes
  2092 | D:3      | Found a deep blue altar of Sif Muna.
  2332 | D:4      | Found a transporter.
  2662 | D:4      | Found a transporter.
  2687 | D:4      | Reached XP level 5. HP: 47/47 MP: 4/4
  3069 | D:4      | Found Gamanir's Book Shoppe.
  3184 | D:5      | Entered Level 5 of the Dungeon
  3188 | D:5      | Noticed an ice beast
  3192 | D:5      | Reached skill level 5 in Axes
  3195 | D:5      | Slain by an ice beast

Skill      XL: |  1  2  3  4  5 |
---------------+----------------+-----
Axes           | 3 4 5 |  5.1
Fighting       | 4 |  4.8
Armour         | 4 |  4.7
Shields        | 4 |  4.8

Action                   |  1- 3 |  4- 6 || total
-------------------------+-------+-------++-------
Melee: War axe           |   112 |    77 ||   189
       Headbutt          |    11 |     9 ||    20
  Use: Potion            |       |     1 ||     1
  Eat: Chunk             |     3 |    21 ||    24
Armor: Scale mail        |    65 |    51 ||   116
Dodge: Dodged            |    45 |    46 ||    91
Block: Shield            |    76 |    48 ||   124
